Selects Australian Defense Battlegroup
Selects Australian Defense Battlegroup
Selects Australian Light Infantry Section
Australian Light Infantry Section
Australian Light Infantry Section
Construct Section Command Post
Construct Field Infirmary
Selects 2-pounder Anti-tank Gun Team
Construct Platoon Command Post
2-pounder Anti-tank Gun Team
Selects Vehicle Over Repair
6-pounder Anti-tank Gun Team
Construct Company Command Post
Selects CMP 15cwt Supply Run
Selects Reinforced Resource Caches